 Dungeon Crawl Stone Soup version 0.29-a0-1042-g87b1fcd763 (webtiles) character file.

Game seed: 5991137576956990671

13454 polve the Cleaver (level 11, -8/90 HPs)
             Began as a Demonspawn Abyssal Knight on Aug 15, 2022.
             Was an Elder of Lugonu.
             Mangled by a death yak (18 damage)
             ... on level 1 of the Lair of Beasts.
             The game lasted 00:14:10 (14231 turns).

polve the Cleaver (Demonspawn Abyssal Knight)      Turns: 14231, Time: 00:14:11

Health: -8/90      AC: 15    Str: 22    XL:     11   Next: 75%
Magic:  18/18      EV: 16    Int: 13    God:    Lugonu [****..]
Gold:   593        SH:  0    Dex: 13    Spells: 7/10 levels left

rFire   . . .      SeeInvis .   q - +2 hand axe (vamp)
rCold   . . .      Faith    .   (no shield)
rNeg    . . .      Spirit   .   j - +0 scale mail
rPois   .          Reflect  .   (helmet restricted)
rElec   .          Harm     .   o - +0 cloak
rCorr   .          Rampage  .   v - +0 pair of gloves {Str+3}
Will    .....                   f - +0 pair of boots
Stlth   ..........              (no amulet)
HPRegen 0.25/turn               b - +4 ring of protection
MPRegen 0.16/turn               (no ring)

@: agile, about to teleport
A: horns 2, powered by pain 3, spiny 1, big brain 1
a: Renounce Religion, Depart the Abyss, Bend Space, Banish, Corrupt


You were on level 1 of the Lair of Beasts.
You worshipped Lugonu.
Lugonu was greatly pleased with you.
You visited 3 branches of the dungeon, and saw 15 of its levels.
You visited the Abyss 1 time.

You collected 593 gold pieces.

Inventory:

Hand Weapons
 d - a +4 scimitar of flaming
 q - a +2 vampiric hand axe (weapon)
Missiles
 y - a throwing net
Armour
 f - a +0 pair of boots (worn)
 j - a +0 scale mail (worn)
 o - a +0 cloak (worn)
 v - a +0 pair of gloves of strength (worn)
 B - a +0 buckler
Jewellery
 b - a +4 ring of protection (left hand)
Wands
 l - a wand of flame (35)
 m - a wand of roots (5)
 u - a wand of paralysis (7)
Scrolls
 a - 2 scrolls of enchant weapon {unknown}
 e - 2 scrolls of teleportation
 h - 3 scrolls of blinking
 k - 2 scrolls of vulnerability
 r - a scroll of magic mapping {unknown}
 s - a scroll of poison {unknown}
Potions
 c - 2 potions of ambrosia
 i - a potion of brilliance
 n - a potion of attraction
 t - 2 potions of lignification
 w - a potion of flight
 x - a potion of mutation {unknown}
 z - a potion of cancellation {unknown}
 A - 2 potions of berserk rage
 C - a potion of haste


   Skills:
 - Level 10.0 Fighting
 + Level 12.0 Axes
 - Level 6.0 Armour
 - Level 4.0 Dodging
 - Level 10.0 Invocations


You had 7 spell levels left.
You knew the following spells:

 Your Spells              Type           Power      Damage    Failure   Level
a - Swiftness             Air            0%         N/A       92%         3

Your spell library contained the following spells:

 Spells                   Type           Power      Damage    Failure   Level
 Shock                    Conj/Air       0%         1d3       58%         1
 Ozocubu's Armour         Ice            0%         N/A       92%         3
 Airstrike                Air            0%         2d(0-16)  100%        4
 Fireball                 Conj/Fire      0%         3d3       100%        5
 Metabolic Englaciation   Hex/Ice        0%         N/A       100%        5
 Simulacrum               Ice/Necr       0%         N/A       100%        6
 Starburst                Conj/Fire      0%         6d3       100%        6
 Ozocubu's Refrigeration  Ice            0%         4d7       100%        7
 Ignition                 Fire           0%         3d3       100%        8


Dungeon Overview and Level Annotations

Branches:
Dungeon (13/15)            Temple (1/1) D:5            Lair (1/5) D:9
    Orc: D:9-12      Vaults: D:13-14

Altars:
Ashenzari
Cheibriados
Dithmenos
Fedhas
Gozag
Hepliaklqana
Kikubaaqudgha
Makhleb
Nemelex Xobeh
Okawaru
Qazlal
Ru
Sif Muna
Trog
Uskayaw
Vehumet
Wu Jian
Xom
Yredelemnul


Innate Abilities, Weirdness & Mutations

You have a pair of horns on your head.
You are powered by pain.
You are partially covered in sharp spines.
You have an unusually large brain. (Int +2)


Message History

You are too injured to fight recklessly!
You are too injured to fight recklessly!
You slash the death yak! You headbutt the death yak.
The death yak is lightly wounded.
You completely miss the rime drake. You barely miss the death yak.
The rime drake is struck by your spines.
The rime drake bites you but does no damage.
You hit the death yak but do no damage.
You headbutt the death yak, but do no damage.
The death yak is moderately wounded.
You hit the death yak but do no damage. You hit the rime drake.
You feel better. The rime drake breathes ice at you.
The flash freeze hits you!!
You focus on the pain.
You feel more agile all of a sudden.
You are encased in ice.
The death yak gores you. The wyvern misses you.
The death yak attacks as you move away! The death yak is struck by your spines.
The death yak gores you!
The wyvern bites you but does no damage.
The death yak closely misses you.
You barely miss the death yak.
The death yak is lightly wounded.
You hit the death yak but do no damage. x2
You hit the death yak but do no damage. Your headbutt misses the death yak.
The death yak is lightly wounded.
You hit the death yak.
You feel better.
You hit the death yak but do no damage. The ice encasing you melts away.
The death yak completely misses you. The death yak is struck by your spines.
The death yak gores you!
* * * LOW HITPOINT WARNING * * *
The death yak gores you but does no damage.
As you read the scroll of teleportation, it crumbles to dust.
You feel strangely unstable. The death yak gores you!
* * * LOW HITPOINT WARNING * * *
The death yak is struck by your spines.
The death yak gores you but does no damage.
The death yak is struck by your spines. The death yak gores you!!
You die...

#..P.+#.###..##.## #...⌠
........###.#...### ..... .
..................##...##..
......................#..##
.................##.......#
###.#................#.....
.....#.....#'#####k........
.....#.....#....#Yl........
.....#..........@Yk.#..####
.....#..........#Y>.# .#
.....P..........#........
................#.###..#..
.....#.....#....... ..# ..
.... #.....P....... .# #
................#... ..
#..### ..#P...P... ..
......


You could see 3 death yaks, 2 rime drakes and a wyvern.

Vanquished Creatures
  Gastronok (D:8)
  Erica (D:9)
  2 two-headed ogres
  Pikel (D:7)
  An unseen horror (D:10)
  A cane toad (Lair:1)
  A hornet (D:7)
  A slime creature (D:13)
  4 blink frogs (Lair:1)
  A wyvern (D:8)
  A vampire (D:10)
  A wraith (D:10)
  A steam dragon (D:9)
  Grum (D:9)
  An acid dragon (D:10)
  Edmund (D:4)
  2 water moccasins
  3 ice beasts
  3 sky beasts
  2 ogres
  9 orc warriors
  5 black bears
  3 wolves (D:9)
  2 centaurs
  3 phantoms
  A lemure (D:7)
  A kobold brigand (D:8)
  2 necrophages
  5 bullfrogs
  2 gnoll sergeants
  2 scorpions (D:5)
  3 wights (D:8)
  5 killer bees (D:9)
  6 howler monkeys
  A jelly (D:6)
  9 orc priests
  2 gnoll boudas
  3 hounds
  3 iguanas (D:5)
  13 orc wizards
  8 adders
  14 gnolls
  A shadow imp (D:6)
  3 white imps
  An ufetubus (D:5)
  A worm (D:5)
  4 dart slugs
  30 orcs
  9 ball pythons
  8 bats
  7 endoplasms
  2 giant cockroaches
  4 goblins
  3 hobgoblins
  3 jackals (D:3)
  2 quokkas
  3 frilled lizards
  12 kobolds
  2 rats
227 creatures vanquished.

Vanquished Creatures (others)
  An iguana (D:5)
  22 fungi
  23 plants
46 creatures vanquished.

Grand Total: 273 creatures vanquished

Notes
Turn   | Place    | Note
-------+----------+-------------------------------------------
     0 | Abyss:1  | polve the Demonspawn Abyssal Knight began the quest for the
                  | Orb.
     0 | Abyss:1  | Reached XP level 1. HP: 18/18 MP: 2/2
     0 | D:1      | Escaped the Abyss
    97 | D:1      | Found a faded altar of an unknown god.
   130 | D:1      | Reached skill level 2 in Axes
   340 | D:1      | Gained mutation: You have a pair of small horns on your
                  | head. [demonic ancestry]
   340 | D:1      | Reached XP level 2. HP: 22/24 MP: 3/3
  1049 | D:2      | Reached skill level 3 in Axes
  1080 | D:2      | Gained mutation: You are partially covered in sharp spines.
                  | [demonic ancestry]
  1080 | D:2      | Reached XP level 3. HP: 29/29 MP: 4/4
  1864 | D:3      | Gained mutation: You sometimes gain a little power by
                  | taking damage. [demonic ancestry]
  1864 | D:3      | Reached XP level 4. HP: 23/35 MP: 5/5
  2003 | D:3      | Reached skill level 4 in Axes
  2138 | D:3      | Found a radiant altar of Vehumet.
  2471 | D:3      | Reached *** piety under Lugonu
  3131 | D:4      | Noticed a necrophage
  3139 | D:4      | Killed a necrophage
  3140 | D:4      | Reached skill level 5 in Axes
  3140 | D:4      | Gained mutation: You sometimes gain power by taking damage.
                  | [demonic ancestry]
  3140 | D:4      | Reached XP level 5. HP: 41/41 MP: 6/6
  3144 | D:4      | Noticed Edmund
  3149 | D:4      | HP: 1/41 [Edmund/+3 dire flail of venom (2)]
  3153 | D:4      | Killed Edmund
  3154 | D:4      | Gained mutation: You have an unusually large brain. (Int
                  | +2) [demonic ancestry]
  3154 | D:4      | Reached XP level 6. HP: 8/47 MP: 7/7
  3154 | D:4      | HP: 1/47 [poisoned by Edmund]
  3493 | D:4      | Reached skill level 6 in Axes
  4199 | D:4      | Found an ancient bone altar of Kikubaaqudgha.
  4234 | D:5      | Entered Level 5 of the Dungeon
  4235 | D:5      | Found a blossoming altar of Fedhas.
  4316 | D:5      | Found a broken altar of Ashenzari.
  4534 | D:5      | Reached skill level 7 in Axes
  4534 | D:5      | Reached XP level 7. HP: 33/52 MP: 8/8
  4939 | D:5      | Reached skill level 5 in Invocations
  5460 | D:5      | Found a staircase to the Ecumenical Temple.
  5512 | D:5      | Found a sparkling altar of Nemelex Xobeh.
  5688 | D:6      | Reached XP level 8. HP: 58/58 MP: 11/13
  5882 | D:6      | Reached skill level 10 in Invocations
  6007 | D:6      | Found a burning altar of Makhleb.
  6268 | D:6      | Found an ornate altar of the Wu Jian Council.
  6717 | D:6      | Reached skill level 5 in Fighting
  6920 | D:6      | Reached **** piety under Lugonu
  7232 | D:7      | Gained mutation: You have a pair of horns on your head.
                  | [demonic ancestry]
  7232 | D:7      | Reached XP level 9. HP: 51/69 MP: 16/16
  7632 | D:7      | Paralysed by a hornet for 2 turns
  7794 | D:7      | Noticed Pikel
  7808 | D:7      | Killed Pikel
  8339 | D:8      | Noticed a two-headed ogre
  8353 | D:7      | Reached skill level 10 in Fighting
  8353 | D:7      | Reached skill level 1 in Dodging
  8539 | D:8      | Noticed Gastronok
  8539 | D:8      | Noticed a two-headed ogre
  8546 | D:7      | Killed a two-headed ogre
  8547 | D:7      | Reached XP level 10. HP: 33/85 MP: 17/17
  8796 | D:8      | Banished a two-headed ogre
  9622 | D:8      | Killed Gastronok
 10212 | D:9      | Found a shimmering blue altar of Sif Muna.
 10262 | D:9      | Noticed Erica
 10279 | D:9      | Killed Erica
 10280 | D:9      | Reached skill level 8 in Axes
 10726 | D:9      | Learned a level 3 spell: Swiftness
 10791 | D:9      | Noticed a two-headed ogre
 10800 | D:9      | Killed a two-headed ogre
 10801 | D:9      | Gained mutation: You are powered by pain. [demonic
                  | ancestry]
 10801 | D:9      | Reached XP level 11. HP: 38/90 MP: 18/18
 10870 | D:9      | Reached skill level 9 in Axes
 11374 | D:9      | Reached ***** piety under Lugonu
 11658 | D:9      | Noticed Grum
 11670 | D:9      | Killed Grum
 11722 | D:9      | Found a staircase to the Lair.
 11730 | D:9      | Reached skill level 10 in Axes
 11928 | D:10     | Entered Level 10 of the Dungeon
 12506 | D:10     | You fall into a shaft and drop 3 floors!
 12701 | D:13     | Noticed a cyan ugly thing
 12718 | D:13     | Noticed a catoblepas
 12720 | D:13     | Banished a catoblepas
 12721 | D:13     | Reached skill level 11 in Axes
 12875 | D:13     | Noticed a soul eater
 12876 | D:12     | Banished a cyan ugly thing
 12998 | D:11     | Noticed a six-headed hydra
 13229 | D:10     | Found a snail-covered altar of Cheibriados.
 13666 | Temple   | Entered the Ecumenical Temple
 13922 | Lair:1   | Entered Level 1 of the Lair of Beasts
 14209 | Lair:1   | Reached skill level 12 in Axes
 14216 | Lair:1   | Noticed a death yak
 14217 | Lair:1   | Noticed a death yak
 14217 | Lair:1   | Noticed a death yak
 14231 | Lair:1   | Mangled by a death yak

Illustrated notes

Levels and vault maps discovered:
D:1:      giann_bridges, layout_rooms,
          hellmonk_ecumenical_altar_pennies_from_heaven, minmay_liquid_box,
          wander_ebering_terrifying_dragon_lair
D:2:      layout_basic, chequers_serial_rivers_small_3
D:3:      layout_basic, marbit_many_paths
D:4:      layout_cave_pools, mainiacjoe_overflow_alcove_1, elyvilon_altar_1,
          minmay_fountain_box, serial_park_tiny_1, uniq_edmund
D:5:      layout_rooms, fedhas_bush_and_centaur_altar,
          overflow_temple_1_default, lemuel_tele_altar, minmay_temple_entry_hall
D:6:      layout_basic, old_standard_altar, mainiacjoe_overflow_brackets,
          supply_closet_lemuel
D:7:      layout_cave_pools, uniq_pikel
D:8:      layout_cave_pools, uniq_gastronok
D:9:      layout_loops_ring, nicolae_sif_muna_little_library,
          grunt_lair_entry_orc_guard_hut, uniq_grum, uniq_erica
D:10:     layout_irregular_city, kennysheep_slug_shrine, lemuel_flamethrower_1
D:11:     nzn_winding_woodlands_cross [nzn_winding_woodlands_5x15_twine,
          nzn_winding_woodlands_5x15_pockets,
          nzn_winding_woodlands_5x15_split_checker,
          nzn_winding_woodlands_5x15_cabin,
          nzn_winding_woodlands_15x15_killbox], layout_cave_pools, uniq_erolcha,
          uniq_amaemon, uniq_urug
D:12:     layout_irregular_city, orc_0_dummy, kennysheep_nub,
          grunt_ministairs_9, uniq_nessos
D:13:     layout_roguey, grunt_vaults_entry_tiered, chequers_jeans
Temple:   hc_temple_tempest_star
Lair:1:   layout_regular_city, grunt_megastairs_4

Skill      XL: |  1  2  3  4  5  6  7  8  9 10 11 |
---------------+----------------------------------+-----
Axes           | 2 3 5 7 8 12 | 12.0
Invocations    | 7 10 | 10.0
Fighting       | 6 10 | 10.0
Dodging        | 2 4 |  4.0
Armour         | 3 6 |  6.0

Action                   |  1- 3 |  4- 6 |  7- 9 | 10-12 || total
-------------------------+-------+-------+-------+-------++-------
Melee: Hand axe          |    75 |    73 |   253 |   289 ||   690
       Headbutt          |     4 |    18 |    45 |    62 ||   129
       Punch             |       |     1 |     4 |     2 ||     7
Invok: Depart the Abyss  |     1 |       |       |       ||     1
       Banish            |       |       |       |     6 ||     6
  Use: Potion            |       |     5 |     2 |     2 ||     9
       Scroll            |       |       |       |    12 ||    12
 Stab: Sleeping          |     3 |       |       |       ||     3
Armor: Leather armour    |    33 |       |       |       ||    33
       Scale mail        |    11 |    39 |   140 |   146 ||   336
Dodge: Dodged            |    61 |    38 |   107 |   151 ||   357

Table legend: (Time is in decaauts)
 A = Elapsed time spent in this place.
 B = Non-inter-level travel time spent in this place.
 C = Inter-level travel time spent in this place.
 D = Time resting spent in this place.
 E = Time spent auto-exploring this place.
 F = Levels seen in this place.
 G = Mean time per level.
                   A        B        C        D        E       F      G
               +--------+--------+--------+--------+--------+-----+--------+
         Total |  14255 |  13717 |    538 |    500 |  11633 |  16 |  890.9 |
       Dungeon |  13797 |  13268 |    529 |    500 |  11270 |  13 | 1061.3 |
        Temple |    158 |    150 |      8 |      0 |    139 |   1 |  158.0 |
          Lair |    298 |    298 |      0 |      0 |    224 |   1 |  298.0 |
         Abyss |      0 |      0 |      0 |      0 |      0 |   1 |    0.0 |
               +--------+--------+--------+--------+--------+-----+--------+

Top non-repeatable levels by time:
     D:9: 1792 daAuts
     D:5: 1712 daAuts
     D:8: 1628 daAuts
     D:7: 1492 daAuts
     D:3: 1476 daAuts
     D:6: 1294 daAuts
     D:4: 1176 daAuts
    D:10: 1129 daAuts
     D:2: 804 daAuts
     D:1: 802 daAuts
    D:13: 366 daAuts
  Lair:1: 298 daAuts
  Temple: 158 daAuts
    D:12: 115 daAuts
    D:11: 6 daAuts
